Map: Black Site 2E

Players

NiCoDvAnTe

  • Race: Zerg Zerg
  • Spawn Location: 9:00

Warriux

  • Race: Protoss Protoss
  • League: Gold
  • Spawn Location: 11:00

fjvalim

  • Race: Terran Terran
  • Spawn Location: 12:00

Computer

  • Race: Terran Terran
  • Spawn Location: 5:00

Metasapien

  • Race: Zerg Zerg
  • League: Platinum
  • Spawn Location: 3:00

WestinTiger

  • Race: Protoss Protoss
  • League: Gold
  • Spawn Location: 6:00

VOD

Have the link to the VOD?

Description

Time

  • Played on: Sept. 24, 2017, 3:13 p.m.
  • Length: 12:30
Show
View Real Time Build Order
Export as new Build Order

NiCoDvAnTe Zerg 

Build Orders: Hatch First 

Get SALT Encoding   

  12  0:01  Drone  
  13  0:08  Drone  
  14  0:36  Hatchery  
  13  0:43  Drone  
  14  0:55  Spawning Pool  
  13  0:58  Drone  
  14  1:06  Overlord  
  14  1:16  Extractor  
  14  1:17  Drone  
  14  1:26  Drone  
  14  1:27  Drone  
  16  1:39  Drone  
  17  1:42  Queen  
  19  1:50  Queen  
  21  1:55  Drone  
  21  1:57  Drone  
  23  2:46  Drone  
  23  2:47  Drone x4  
  23  2:50  Overlord  
  28  3:03  Extractor  
  27  3:06  Drone  
  28  3:15  Extractor  
  28  3:17  Drone x3  
  28  3:18  Drone x2  
  32  3:30  Zergling x6  
  32  3:31  Zergling x2  
  32  3:33  Overlord x2  
  36  3:42  Spore Crawler  
  36  3:46  Spine Crawler  
  34  3:50  Zergling x2  
  34  3:51  Zergling x2  
  34  3:52  Zergling x6  
  34  3:53  Metabolic Boost  
  39  4:03  Drone x3  
  42  4:26  Zergling x6  
  42  4:27  Zergling x6  
  42  4:28  Zergling x2  
  49  4:31  Overlord  
  49  4:51  Zergling x8  
  51  5:49  Drone x4  
  37  6:34  Zergling x2  
  37  6:35  Zergling x30  
  53  6:42  Spore Crawler  
  53  6:44  Spore Crawler  
  53  6:46  Spine Crawler  
  50  7:04  Drone  
  50  7:05  Drone x4, Extractor  
  54  7:25  Zergling x12  
  60  8:44  Overlord x4  
  60  9:17  Drone x2  
  60  9:18  Drone x4  
  60  9:24  Spore Crawler x2  
  64  10:12  Zergling x4  
  64  10:13  Zergling x22  
Show
View Real Time Build Order
Export as new Build Order

Warriux Protoss 

Build Orders: Nexus First 

Get SALT Encoding   

  12  0:06  Probe (Chrono Boost)  
  13  0:17  Probe (Chrono Boost)  
  14  0:23  Pylon  
  14  0:27  Probe (Chrono Boost)  
  15  0:42  Probe (Chrono Boost)  
  16  0:52  Probe (Chrono Boost)  
  17  1:04  Nexus  
  17  1:08  Probe (Chrono Boost)  
  18  1:16  Assimilator  
  19  1:18  Probe (Chrono Boost)  
  19  1:29  Probe (Chrono Boost)  
  20  1:35  Gateway  
  20  1:41  Assimilator  
  20  1:44  Probe (Chrono Boost)  
  21  1:54  Probe (Chrono Boost)  
  22  2:04  Assimilator  
  22  2:05  Probe (Chrono Boost)  
  23  2:16  Probe (Chrono Boost)  
  23  2:22  Probe (Chrono Boost)  
  25  2:26  Probe (Chrono Boost)  
  26  2:32  Probe (Chrono Boost)  
  28  2:37  Probe (Chrono Boost)  
  28  2:42  Cybernetics Core  
  28  2:43  Probe (Chrono Boost)  
  29  2:44  Forge  
  29  2:47  Probe (Chrono Boost)  
  29  2:49  Pylon  
  30  2:53  Probe (Chrono Boost)  
  30  2:54  Pylon  
  30  2:58  Probe (Chrono Boost)  
  32  2:59  Assimilator  
  32  3:04  Probe (Chrono Boost)  
  33  3:08  Probe (Chrono Boost)  
  34  3:14  Probe (Chrono Boost)  
  34  3:19  Probe (Chrono Boost)  
  36  3:25  Probe (Chrono Boost)  
  37  3:30  Probe (Chrono Boost)  
  38  3:35  Probe (Chrono Boost)  
  38  3:40  Probe (Chrono Boost)  
  40  3:42  Stargate  
  40  3:44  Stargate  
  40  3:46  Probe (Chrono Boost)  
  40  3:47  Stargate, Stalker  
  42  3:50  Warp Gate  
  42  3:51  Probe (Chrono Boost)  
  42  3:52  Stargate  
  43  3:56  Probe (Chrono Boost)  
  43  4:01  Probe (Chrono Boost)  
  45  4:07  Probe (Chrono Boost)  
  46  4:12  Probe (Chrono Boost)  
  47  4:18  Probe (Chrono Boost)  
  47  4:20  Pylon  
  47  4:21  Pylon  
  47  4:22  Probe (Chrono Boost), Pylon  
  49  4:25  Pylon  
  49  4:28  Probe (Chrono Boost)  
  50  4:33  Probe (Chrono Boost)  
  50  4:36  Fleet Beacon  
  51  4:48  Nexus  
  51  4:54  Pylon  
  51  4:56  Pylon  
  51  4:59  Pylon  
  51  5:05  Probe x2 (Chrono Boost)  
  53  5:13  Photon Cannon  
  53  5:15  Photon Cannon  
  53  5:16  Probe x2 (Chrono Boost)  
  53  5:17  Photon Cannon  
  53  5:20  Photon Cannon  
  55  5:26  Carrier x2, Probe x2 (Chrono Boost)  
  55  5:27  Assimilator  
  69  5:32  Carrier, Assimilator  
  75  5:45  Probe x2 (Chrono Boost)  
  77  5:55  Probe x2 (Chrono Boost)  
  79  6:06  Probe x2 (Chrono Boost)  
  79  6:09  Carrier  
  87  6:13  Graviton Catapult  
  87  6:24  Stargate  
  87  6:26  Protoss Air Weapons Level 1 (Chrono Boost)  
  87  6:28  Stargate  
  87  6:31  Protoss Shields Level 1  
  87  6:49  Cybernetics Core  
  87  6:50  Nexus  
  87  6:54  Carrier x2  
  99  7:18  Carrier x2, Assimilator  
  99  7:19  Carrier  
  99  7:22  Assimilator  
  117  7:26  Pylon  
  117  7:28  Pylon  
  117  7:31  Pylon  
  117  7:34  Protoss Air Armor Level 1 (Chrono Boost)  
  117  7:47  Twilight Council  
  117  7:50  Probe x3  
  120  8:02  Probe x3  
  123  8:12  Carrier  
  123  8:13  Mothership Core  
  123  8:14  Probe  
  123  8:19  Carrier  
  132  8:21  Protoss Air Weapons Level 2 (Chrono Boost)  
  132  8:23  Carrier  
  144  8:31  Protoss Shields Level 2  
  144  8:34  Pylon  
  144  8:36  Pylon  
  144  8:38  Pylon  
  144  8:40  Pylon  
  144  8:44  Carrier x2  
  144  8:46  Photon Cannon  
  144  8:48  Photon Cannon  
  156  8:51  Carrier, Photon Cannon  
  162  8:58  Charge  
  162  9:30  Protoss Air Armor Level 2 (Chrono Boost)  
  162  9:38  Carrier  
  162  9:43  Stargate  
  162  9:45  Carrier  
  168  9:49  Carrier  
  168  9:50  Stargate  
  186  10:10  Carrier  
  192  10:19  Pylon  
  192  10:22  Pylon  
  192  10:24  Pylon  
  192  10:37  Carrier  
  198  10:59  Carrier  
  198  11:04  Carrier  
Show
View Real Time Build Order
Export as new Build Order

fjvalim Terran 

Build Orders: Command Center First (CC) 

Get SALT Encoding   

  12  0:09  SCV  
  13  0:17  Supply Depot  
  13  0:21  SCV  
  14  0:33  SCV  
  15  0:58  Command Center  
  15  1:01  SCV  
  16  1:13  SCV  
  17  1:20  Barracks  
  17  1:25  SCV  
  18  1:38  SCV  
  19  1:40  Supply Depot  
  19  1:48  Barracks  
  19  1:50  SCV  
  20  2:02  Engineering Bay  
  20  2:05  SCV  
  21  2:09  Refinery, Marine  
  22  2:18  Orbital Command  
  22  2:28  Bunker  
  22  2:36  Orbital Command  
  22  2:42  Barracks  
  22  2:55  Marine x2  
  24  3:01  Refinery  
  24  3:23  Sensor Tower  
  24  3:57  SCV  
  24  4:02  Barracks Tech Lab, Barracks Reactor x2  
  25  4:08  Factory  
  26  4:10  SCV  
  26  4:13  Command Center  
  26  4:16  SCV  
  27  4:22  Supply Depot  
  27  4:28  SCV  
  28  4:40  SCV  
  29  4:49  SCV  
  29  4:52  SCV  
  31  4:54  Engineering Bay  
  31  5:00  Starport  
  31  5:01  SCV  
  31  5:04  SCV  
  33  5:13  SCV  
  34  5:23  Combat Shields  
  34  5:25  Factory Tech Lab  
  34  5:31  Missile Turret  
  34  6:07  Marine  
  34  6:08  Marine x4  
  34  6:10  Starport Tech Lab  
  39  6:12  Cyclone  
  39  6:14  Orbital Command  
  42  6:19  Missile Turret  
  42  6:21  Hi-Sec Auto Tracking  
  42  6:24  SCV  
  42  6:25  Marine  
  43  6:26  Marine x4  
  48  6:36  SCV  
  49  6:40  Missile Turret  
  49  6:43  Marine x3  
  49  6:44  Marine x2  
  54  6:48  SCV  
  54  6:50  Viking  
  57  6:58  SCV  
  57  7:00  SCV  
  57  7:01  Marine x5  
  64  7:10  SCV  
  64  7:12  SCV, Supply Depot  
  64  7:14  Armory  
  66  7:19  Marine  
  66  7:20  Viking  
  69  7:34  SCV  
  69  7:35  Supply Depot  
  70  7:46  SCV  
  70  7:49  Concussive Shells  
  70  7:50  Medivac  
  73  7:52  Marauder  
  73  7:53  Marine x2  
  73  7:57  Marine x2  
  73  7:58  SCV  
  80  7:59  SCV x2  
  82  8:10  SCV  
  82  8:11  SCV, Marine  
  85  8:14  Supply Depot  
  85  8:22  Terran Vehicle Weapons Level 1  
  85  8:26  Terran Infantry Weapons Level 1  
  85  8:28  Armory  
  85  8:31  Supply Depot  
  85  8:32  Stimpack  
  85  8:36  Thor, Marauder  
  85  8:38  Supply Depot  
  93  8:52  Medivac, Marine x4  
  93  8:53  SCV x2  
  93  8:55  Supply Depot  
  101  8:59  Refinery, Marauder, SCV  
  101  9:01  Refinery, Supply Depot  
  104  9:05  SCV x2  
  104  9:06  Refinery  
  104  9:08  Refinery  
  106  9:10  Marine x3  
  106  9:16  Marine  
  111  9:17  SCV x3  
  111  9:18  Supply Depot  
  111  9:21  Marauder  
  111  9:22  Medivac  
  111  9:23  Thor  
  123  9:25  Supply Depot  
  123  9:26  Factory  
  123  9:28  Marine x2  
  125  9:39  Marine  
  125  9:40  SCV x2  
  125  9:41  Supply Depot x3  
  125  9:42  Marauder  
  130  9:52  Viking, SCV x2  
  134  10:00  Marine  
  134  10:01  Marine x3  
  134  10:03  Supply Depot x2  
  134  10:04  Marauder, SCV  
  134  10:06  Thor  
  147  10:16  SCV  
  147  10:18  Marine  
  147  10:19  Marine x3  
  147  10:21  Terran Infantry Armor Level 1  
  152  10:22  Viking  
  152  10:25  Marauder, Supply Depot  
  157  10:28  SCV  
  157  10:36  Marine  
  157  10:37  Marine x3  
  157  10:40  SCV  
  162  10:46  Marauder  
  162  10:48  Factory Tech Lab  
  164  10:54  Marine x4  
  158  11:08  Marauder  
Show
View Real Time Build Order
Export as new Build Order

Computer Terran 

Build Orders:  

Get SALT Encoding   

  12  0:04  SCV  
  13  0:16  SCV  
  14  0:21  Supply Depot  
  14  0:28  SCV  
  15  0:32  Refinery  
  15  0:43  SCV  
  16  0:55  SCV  
  17  0:57  Refinery  
  17  1:03  Barracks  
  17  1:07  SCV  
  18  1:19  SCV  
  19  1:31  SCV  
  20  1:43  SCV  
  21  1:52  Factory  
  21  1:55  SCV  
  22  2:02  Supply Depot  
  22  2:08  SCV  
  23  2:27  Command Center  
  23  2:30  SCV  
  25  2:46  Orbital Command  
  24  2:56  Starport  
  24  2:59  Factory Reactor  
  24  3:26  SCV  
  25  3:38  SCV  
  25  3:39  Command Center  
  26  3:43  Engineering Bay  
  26  3:50  SCV  
  26  3:55  SCV  
  29  4:02  SCV  
  29  4:07  SCV  
  36  4:10  Viking  
  32  4:19  Starport  
  32  4:22  Viking  
  34  4:25  SCV x2  
  34  4:29  Refinery  
  36  4:37  SCV  
  37  4:45  Barracks Reactor  
  37  4:46  Factory Reactor  
  37  4:49  SCV x2  
  37  4:51  Starport  
  39  5:01  SCV  
  39  5:04  Orbital Command  
  40  5:08  SCV  
  40  5:13  Viking x2  
  45  5:22  Armory x2  
  45  5:25  SCV x2  
  47  5:37  Viking x2  
  51  5:43  Viking  
  51  5:49  Viking x2  
  57  6:02  Viking  
  59  6:07  Viking  
  61  6:29  Terran Ship Weapons Level 1  
  61  6:30  Terran Vehicle And Ship Armor Level 1  
  61  6:37  Supply Depot  
  61  6:39  Supply Depot  
  61  6:40  Orbital Command  
  61  6:42  Refinery  
  61  6:49  Refinery  
  61  6:50  Refinery  
  61  6:58  SCV x2, Viking x2  
  61  7:00  Supply Depot  
  67  7:01  Supply Depot  
  67  7:05  Supply Depot  
  67  7:07  Supply Depot  
  67  7:10  SCV x2  
  69  7:16  Viking x3  
  69  7:19  SCV  
  69  7:22  SCV x2  
  78  7:31  SCV  
  78  7:34  SCV x2  
  78  7:36  Command Center  
  81  7:40  Viking  
  81  7:42  Viking  
  81  7:43  SCV  
  86  7:46  SCV  
  86  7:49  Viking  
  89  7:51  Viking  
  89  7:54  SCV  
  89  7:57  Viking  
  94  8:09  Viking  
  94  8:10  Viking  
  94  8:12  Viking  
  100  8:15  SCV x2  
  102  8:26  Terran Vehicle And Ship Armor Level 2, Terran Ship Weapons Level 2  
  102  8:33  Refinery  
  102  8:36  Viking x2  
  102  8:38  Refinery  
  102  8:41  Supply Depot  
  106  8:45  Supply Depot x2  
  106  8:52  Viking x2  
  106  8:55  Liberator x2, SCV x2  
  112  8:59  Liberator  
  112  9:00  Orbital Command  
  121  9:17  Liberator x3  
  130  9:38  Liberator x2  
  130  9:42  Liberator  
  130  9:56  Barracks Tech Lab, Factory Tech Lab  
  85  10:00  Liberator x2  
  148  10:25  Liberator  
  148  10:40  Supply Depot  
  148  10:42  Supply Depot  
  148  10:43  Liberator, Supply Depot  
  148  10:46  Supply Depot  
  125  11:08  Viking x4  
  108  11:25  Viking  
  67  11:38  Viking x3  
Show
View Real Time Build Order
Export as new Build Order

Metasapien Zerg 

Build Orders: Hatch First, Swarm Host 

Get SALT Encoding   

  12  0:29  Hatchery  
  11  0:40  Overlord  
  11  0:42  Drone  
  12  0:46  Drone  
  13  1:08  Spawning Pool  
  13  1:11  Drone, Extractor  
  13  1:16  Drone  
  13  1:21  Drone  
  14  1:27  Drone  
  15  1:35  Drone  
  16  1:46  Drone  
  17  1:48  Drone  
  17  1:53  Drone  
  19  1:56  Drone  
  20  2:19  Hatchery  
  20  2:21  Overlord  
  19  2:24  Drone  
  20  2:32  Zergling x4  
  22  2:38  Metabolic Boost  
  22  2:42  Drone  
  23  2:51  Queen  
  25  3:00  Queen  
  25  3:03  Drone  
  28  3:06  Drone  
  28  3:11  Drone  
  30  3:20  Spine Crawler  
  30  3:22  Zergling x2  
  30  3:26  Zergling x4  
  32  3:28  Drone  
  33  3:34  Drone  
  33  3:40  Queen  
  36  3:41  Drone  
  36  3:44  Drone  
  38  3:56  Drone x2  
  38  3:58  Drone  
  38  3:59  Drone  
  42  4:05  Spore Crawler  
  42  4:09  Extractor, Lair  
  40  4:14  Drone x2  
  42  4:22  Extractor  
  42  4:23  Overlord x2, Extractor  
  40  4:28  Drone  
  40  4:30  Extractor  
  40  4:35  Overlord  
  40  4:42  Roach Warren  
  40  4:45  Drone x2  
  40  4:46  Drone  
  40  4:48  Drone x2  
  40  4:50  Drone  
  45  4:55  Drone x2  
  45  4:56  Drone  
  45  4:59  Drone  
  49  5:10  Drone  
  49  5:11  Drone x3  
  49  5:12  Drone  
  49  5:13  Drone  
  55  5:14  Drone  
  55  5:21  Infestation Pit  
  55  5:26  Hydralisk Den  
  55  5:27  Drone x2  
  56  5:34  Drone x3  
  59  5:36  Overlord  
  59  5:41  Zergling x4  
  59  5:42  Zergling x2  
  62  5:43  Zergling x2  
  56  5:50  Zergling x2  
  56  5:51  Zergling x4  
  48  6:00  Spine Crawler  
  43  6:14  Drone x2  
  43  6:15  Drone x4  
  43  6:16  Drone x3  
  52  6:24  Queen  
  54  6:27  Drone x2  
  54  6:29  Drone  
  54  6:31  Drone  
  58  6:43  Extractor  
  58  6:44  Drone x2  
  59  6:49  Drone x2  
  59  6:53  Drone x2  
  59  6:54  Drone  
  64  6:58  Roach  
  64  6:59  Roach x3  
  72  7:02  Queen  
  74  7:11  Overseer  
  74  7:19  Pneumatized Carapace  
  74  7:20  Burrow  
  74  7:21  Nydus Network  
  73  7:25  Drone  
  73  7:28  Overlord x2  
  73  7:29  Overlord  
  74  7:34  Overlord x2  
  74  7:35  Overlord  
  74  7:41  Overlord  
  74  7:42  Spore Crawler  
  73  7:53  Drone  
  73  7:54  Drone x6  
  73  7:55  Drone  
  73  7:57  Drone x3  
  84  7:59  Drone x2  
  86  8:08  Roach  
  86  8:09  Hydralisk, Roach x4  
  98  8:30  Swarm Host x5  
  98  8:31  Swarm Host  
  116  8:46  Spine Crawler  
  116  8:48  Evolution Chamber  
  114  8:50  Evolution Chamber  
  114  8:51  Swarm Host x2  
  114  8:52  Evolution Chamber, Roach x2  
  114  8:53  Overlord x3  
  114  8:54  Overlord  
  122  8:59  Hatchery  
  121  9:12  Overlord x2  
  121  9:15  Zerg Ground Armor Level 1  
  121  9:20  Zerg Missile Weapons Level 1  
  121  9:34  Swarm Host x5  
  121  9:35  Swarm Host  
  121  9:37  Roach x4, Hydralisk  
  149  9:45  Overseer  
  149  9:51  Hydralisk x3  
  149  9:52  Hydralisk  
  157  9:55  Muscular Augments  
  157  9:56  Pathogen Glands  
  157  10:01  Glial Reconstitution  
  157  10:12  Queen  
  159  10:14  Drone  
  160  10:22  Overlord x3  
  160  10:23  Overlord x2  
  160  10:38  Drone x2  
  160  10:40  Nydus Canal  
  154  11:07  Hydralisk x3  
  154  11:08  Roach x4, Hydralisk x4  
  154  11:09  Roach x2  
  173  11:32  Hydralisk x4  
  143  11:33  Hydralisk x4  
  149  11:46  Hydralisk x3  
  106  12:08  Zergling x2  
  106  12:09  Roach  
Show
View Real Time Build Order
Export as new Build Order

WestinTiger Protoss 

Build Orders: Nexus First 

Get SALT Encoding   

  12  0:02  Probe (Chrono Boost)  
  13  0:12  Probe (Chrono Boost)  
  14  0:23  Probe (Chrono Boost)  
  15  0:31  Pylon  
  15  0:49  Probe (Chrono Boost)  
  16  1:00  Probe (Chrono Boost)  
  16  1:03  Nexus  
  17  1:11  Probe (Chrono Boost)  
  18  1:15  Assimilator  
  18  1:20  Assimilator  
  18  1:21  Probe (Chrono Boost)  
  19  1:34  Forge  
  19  1:50  Probe (Chrono Boost)  
  21  2:01  Probe (Chrono Boost)  
  21  2:12  Probe (Chrono Boost)  
  22  2:16  Probe (Chrono Boost)  
  23  2:23  Pylon  
  23  2:26  Probe (Chrono Boost)  
  25  2:37  Probe (Chrono Boost)  
  25  2:47  Probe (Chrono Boost)  
  25  2:48  Photon Cannon  
  26  2:53  Photon Cannon  
  26  2:56  Probe (Chrono Boost)  
  26  2:58  Probe (Chrono Boost)  
  28  3:06  Probe (Chrono Boost)  
  28  3:08  Probe (Chrono Boost)  
  28  3:09  Pylon  
  30  3:15  Pylon  
  30  3:17  Probe (Chrono Boost)  
  30  3:19  Probe (Chrono Boost)  
  32  3:21  Assimilator  
  32  3:24  Assimilator  
  32  3:27  Probe (Chrono Boost)  
  32  3:29  Probe (Chrono Boost)  
  34  3:37  Gateway  
  34  3:38  Probe (Chrono Boost)  
  34  3:39  Gateway  
  34  3:40  Probe (Chrono Boost)  
  36  3:44  Gateway  
  36  3:49  Pylon  
  36  3:51  Probe (Chrono Boost)  
  37  4:01  Probe (Chrono Boost)  
  38  4:12  Probe (Chrono Boost)  
  38  4:13  Gateway  
  38  4:15  Gateway  
  39  4:18  Pylon  
  39  4:20  Photon Cannon  
  39  4:22  Probe (Chrono Boost)  
  40  4:27  Photon Cannon  
  40  4:33  Probe (Chrono Boost)  
  40  4:35  Probe (Chrono Boost)  
  42  4:43  Probe (Chrono Boost)  
  42  4:45  Probe (Chrono Boost)  
  44  4:54  Probe (Chrono Boost)  
  44  4:56  Probe (Chrono Boost)  
  46  5:04  Probe (Chrono Boost)  
  46  5:06  Probe (Chrono Boost)  
  48  5:17  Probe (Chrono Boost)  
  49  5:25  Pylon  
  49  5:27  Probe (Chrono Boost)  
  50  5:28  Pylon  
  50  5:35  Cybernetics Core  
  50  5:40  Pylon  
  50  5:42  Pylon  
  50  5:47  Pylon  
  50  5:50  Gateway  
  50  5:53  Protoss Ground Weapons Level 1  
  50  6:01  Photon Cannon  
  50  6:03  Photon Cannon  
  50  6:04  Photon Cannon  
  50  6:11  Warp Gate (Chrono Boost)  
  50  6:29  Gateway  
  50  6:32  Gateway  
  50  6:33  Gateway  
  50  6:35  Gateway  
  50  6:37  Gateway  
  50  6:39  Gateway  
  50  6:41  Photon Cannon  
  50  6:44  Photon Cannon  
  50  6:45  Pylon  
  50  7:00  Nexus  
  50  7:12  Pylon  
  50  7:16  Pylon  
  50  7:19  Pylon  
  50  7:22  Pylon  
  50  7:25  Pylon  
  50  7:31  Pylon  
  50  7:32  Protoss Ground Armor Level 1  
  50  7:34  Pylon  
  50  7:45  Photon Cannon  
  50  7:47  Photon Cannon  
  50  7:50  Photon Cannon  
  50  7:53  Photon Cannon  
  50  7:55  Photon Cannon  
  50  8:02  Robotics Facility  
  50  8:05  Robotics Facility  
  50  8:06  Robotics Facility  
  50  8:15  Stalker x4  
  50  8:16  Stalker x5  
  50  8:17  Stalker x2  
  72  8:29  Stalker  
  74  8:52  Twilight Council  
  74  8:55  Robotics Bay  
  74  8:57  Observer  
  74  8:58  Observer  
  74  9:00  Stalker x4  
  74  9:01  Stalker x3  
  74  9:02  Stalker  
  92  9:12  Protoss Shields Level 1  
  92  9:16  Probe  
  92  9:17  Probe  
  92  9:18  Probe  
  95  9:27  Probe  
  95  9:30  Probe x2  
  98  9:38  Blink (Chrono Boost)  
  98  9:39  Probe  
  98  9:42  Probe x2  
  98  9:43  Extended Thermal Lance  
  101  9:45  Colossus  
  101  9:51  Probe  
  108  9:54  Probe  
  108  9:57  Colossus  
  115  10:01  Colossus  
  115  10:03  Probe  
  122  10:11  Assimilator  
  122  10:15  Probe, Assimilator  
  123  10:39  Colossus, Pylon  
  123  10:42  Pylon  
  129  10:47  Pylon  
  129  10:51  Colossus  
  129  10:52  Pylon  
  94  11:24  Colossus  
  88  11:29  Stalker x4  
  88  11:30  Stalker x3  
  96  11:33  Colossus, Stalker x4  
  96  11:34  Stalker  
  112  12:00  Stalker  
  112  12:01  Stalker x5  
  96  12:02  Stalker x4  
  96  12:03  Stalker  
  110  12:14  Stalker  
  118  12:25  Stalker  
  118  12:26  Stalker x5  
  118  12:27  Stalker x4  
Tags
 
Add a new tag
Caveats
  • Supply blocks, unpowered buildings, or Contaminate may cause inaccurate times.
  • Supply counts are checked every 10 seconds.